Map: Proxima Station LE

Players

Lambo

  • Race: Zerg Zerg
  • Spawn Location: 1:00

Elazer - Winner!

  • Race: Zerg Zerg
  • Spawn Location: 7:00

Event: WCS Valencia 2017

VOD

Have the link to the VOD?

Description

Time

  • Played on: July 13, 2017, 12:47 p.m.
  • Length: 4:52

All games in this series

Show
View Real Time Build Order
Export as new Build Order

Lambo Zerg 

Build Orders: Hatch First 

Get SALT Encoding   

  12  0:00  Drone  
  13  0:12  Overlord  
  13  0:17  Drone  
  14  0:30  Drone x2  
  16  0:36  Drone  
  17  0:52  Hatchery  
  17  0:54  Drone  
  17  0:59  Extractor  
  16  1:10  Spawning Pool  
  15  1:14  Drone  
  16  1:19  Drone  
  16  1:23  Drone  
  18  1:28  Drone  
  19  1:40  Overlord  
  19  1:57  Queen  
  19  1:59  Metabolic Boost  
  21  2:05  Zergling x2  
  21  2:07  Zergling x2  
  23  2:09  Queen  
  25  2:16  Zergling x4  
  25  2:20  Zergling x2  
  28  2:28  Zergling x2  
  28  2:29  Zergling x2  
  30  2:37  Overlord  
  30  2:45  Zergling x4  
  32  2:54  Zergling x4  
  34  3:00  Zergling x2  
  35  3:07  Zergling x6  
  35  3:09  Zergling x2  
  35  3:12  Hatchery  
  38  3:13  Zergling x2  
  38  3:19  Zergling x4  
  40  3:24  Zergling x4  
  42  3:31  Zergling x2  
  43  3:35  Overlord  
  43  3:39  Overlord  
  43  3:43  Zergling x2  
  43  3:46  Overlord  
  43  3:52  Overlord  
  43  3:56  Zergling x2  
  44  4:06  Zergling x8  
  49  4:10  Zergling x2  
  49  4:15  Zergling x2  
  50  4:21  Zergling x4  
  52  4:30  Zergling x6  
  55  4:33  Zergling x2  
Show
View Real Time Build Order
Export as new Build Order

Elazer Zerg - Winner!

Build Orders: Hatch First 

Get SALT Encoding   

  12  0:00  Drone  
  13  0:12  Overlord  
  13  0:17  Drone  
  14  0:30  Drone x2  
  14  0:35  Drone  
  17  0:51  Hatchery  
  17  0:54  Drone  
  17  0:57  Drone  
  18  1:07  Extractor  
  17  1:12  Spawning Pool  
  17  1:15  Drone  
  18  1:18  Drone  
  18  1:39  Hatchery  
  17  1:43  Drone  
  17  1:46  Drone  
  19  1:51  Drone  
  20  2:02  Queen  
  22  2:10  Metabolic Boost  
  22  2:14  Drone  
  23  2:16  Drone  
  23  2:21  Zergling x2  
  25  2:23  Drone  
  25  2:28  Zergling x2  
  27  2:36  Queen  
  27  2:37  Extractor  
  27  2:38  Overlord  
  29  2:48  Overlord  
  29  2:59  Zergling x2  
  29  3:00  Zergling x10  
  29  3:04  Evolution Chamber  
  29  3:05  Zergling x2  
  35  3:12  Zergling x6  
  38  3:17  Zergling x4  
  40  3:21  Zergling x4  
  42  3:30  Zergling x2  
  42  3:31  Zergling x2  
  45  3:34  Zergling x4  
  45  3:38  Zergling x2  
  47  3:46  Drone x3  
  50  3:49  Overlord  
  49  3:58  Zergling x2  
  48  4:06  Zergling x2  
  49  4:15  Zergling x10, Overlord  
  53  4:22  Zergling x6  
  56  4:26  Zergling x4  
Tags
 
Add a new tag
Caveats
  • Supply blocks, unpowered buildings, or Contaminate may cause inaccurate times.
  • Supply counts are checked every 10 seconds.